 Dungeon Sprint DCSS version 0.21-a0-331-gfb491b4 (webtiles) character file.

2167 Kidiri the Thaumaturge (level 9, -1/52 HPs)
             Began as a Deep Elf Fire Elementalist on Oct 2, 2017.
             Was a Priest of Vehumet.
             Shot with an arrow by a centaur warrior (24 damage)
             ... in the Dungeon (Sprint III: "The Ten Rune Challenge").
             The game lasted 00:07:05 (1133 turns).

Kidiri the Thaumaturge (Deep Elf Fire Elementalist) Turns: 1133, Time: 00:07:06

Health: -1/52      AC:  4    Str:  7    XL:     9   Next: 10%
Magic:  23/28      EV: 17    Int: 24    God:    Vehumet [***...]
Gold:   18         SH:  0    Dex: 15    Spells: 9/35 levels left

rFire    . . .     SeeInvis .   l - +0 dagger (curse)
rCold    . . .     Gourm    .   (no shield)
rNeg     . . .     Faith    .   v - +2 robe {MR+}
rPois    .         Spirit   .   (no helmet)
rElec    .         Reflect  .   (no cloak)
rCorr    .         Harm     .   (no gloves)
MR       +....     NoTele   +   (no boots)
Stlth    ++........             (no amulet)
HPRegen  0.17/turn              (no ring)
MPRegen  0.21/turn              (no ring)

@: no status effects
A: strong 1, wild magic 1
a: Renounce Religion


You were in the Dungeon.
You worshipped Vehumet.
Vehumet was most pleased with you.
You were not hungry.

You visited 1 branch You collected 18 gold pieces.

Inventory:

Hand Weapons
 l - a cursed +0 dagger (weapon)
Armour
 v - a +2 robe of magic resistance (worn)
Wands
 k - a wand of flame (24/48)
 o - a wand of lightning (3/15)
Scrolls
 i - a scroll of blinking
 n - a scroll of torment
 p - a scroll of enchant weapon {unknown}
 s - a scroll of immolation {unknown}
 t - 2 scrolls of remove curse
Potions
 b - a potion of might
 d - 2 potions of curing
 e - 2 potions of heal wounds
 f - a potion of haste
 g - 2 potions of magic
 h - a potion of berserk rage
 m - 4 potions of mutation
 r - a potion of resistance
Comestibles
 c - a bread ration
 q - 2 meat rations
 u - a royal jelly


   Skills:
 + Level 4.6 Fighting
 + Level 5.5 Short Blades
 + Level 4.5 Armour
 + Level 7.3 Dodging
 - Level 2.4 Stealth
 * Level 13.9 Spellcasting
 + Level 8.5 Conjurations
 + Level 9.1 Fire Magic
 + Level 5.5 Air Magic
 + Level 6.1 Poison Magic


You had 9 spell levels left.
You knew the following spells:

 Your Spells              Type           Power        Failure   Level  Hunger
a - Flame Tongue          Conj/Fire      #####        1%          1    None
b - Throw Flame           Conj/Fire      ######       1%          2    None
c - Conjure Flame         Conj/Fire      ######..     1%          3    None
d - Inner Flame           Hex/Fire       ######..     1%          3    None
e - Ignite Poison         Fire/Tmut/Pois ######..     1%          3    None
f - Sticky Flame          Conj/Fire      ######..     1%          4    None
g - Fireball              Conj/Fire      ######....   1%          5    ###....
h - Mephitic Cloud        Conj/Pois/Air  ######..     1%          3    None
i - Searing Ray           Conj           ######       1%          2    None


Dungeon Overview and Level Annotations

Branches:
Dungeon (1/1)

Altars:
Cheibriados
Dithmenos
Elyvilon
Fedhas
Gozag
Hepliaklqana
Kikubaaqudgha
Makhleb
Nemelex Xobeh
Okawaru
Qazlal
Ru
Sif Muna
Trog
Uskayaw
Vehumet
Wu Jian
Xom
Yredelemnul
Zin
The Shining One
Beogh
Jiyva
Lugonu

Annotations:
D exclusion: door


Innate Abilities, Weirdness & Mutations

Your muscles are strong. (Str +2)
Your spells are a little harder to cast, but a little more powerful.


Message History

The centaur is engulfed in blazing flames.
The centaur warrior is engulfed in blazing flames.
The centaur warrior shoots an arrow.
The arrow hits you!
The centaur warrior is engulfed in blazing flames.
The centaur warrior shoots an arrow.
The arrow hits you.
You see here an arrow.
Unknown command.
The centaur warrior is engulfed in blazing flames.
The centaur warrior shoots an arrow.
The arrow hits you!!
* * * LOW HITPOINT WARNING * * *
There is an open door, spattered with blood here.
You see here 3 arrows.
Unknown command.
Vehumet accepts your kill.
Vehumet offers you knowledge of Static Discharge.
You feel your power returning.
You feel a bit more experienced.
You feel much better.
Unknown command.
You start resting.
The centaur warrior shoots an arrow.
The arrow hits you!!
You die...

#___#__# #__)#._#
#+###+## .......#
.......# ######'#
#__#...#+#############
#__#..[#..≈≈≈'.#.((c.+
#__#...#.#§§§#.#@#..c#
#__#...'.#§§§#.#.#c..#
#__+...#.#§..#...#..)#
▓▓▓▓▓▓▓▓▓▓▓▓▓▓▓▓▓▓▓▓▓#


You could see a centaur warrior.

Vanquished Creatures
  Josephine (D)
  A deep elf mage (D)
  A shadow (D)
  A spatial vortex (D)
  A necrophage (D)
  2 centaurs (D)
  An earth elemental (D)
  A water elemental (D)
  A jelly (D)
  A wizard (D)
  Jessica (D)
  A necromancer (D)
  A kobold demonologist (D)
  3 humans (D)
  An ooze (D)
  A phantom (D)
  A rat (D)
20 creatures vanquished.

Vanquished Creatures (others)
  2 draconian scorchers (D)
  6 hellions (D)
  2 yaktaurs (D)
  An electric eel (D)
11 creatures vanquished.

Grand Total: 31 creatures vanquished

Notes
Turn   | Place    | Note
-------+----------+-------------------------------------------
     0 | D        | Kidiri the Deep Elf Fire Elementalist began the quest for the Orb.
     0 | D        | Reached XP level 1. HP: 10/10 MP: 6/6
     4 | D        | Reached skill level 4 in Spellcasting
    54 | D        | Noticed Jessica
    58 | D        | Killed Jessica
    58 | D        | Reached skill level 6 in Spellcasting
    58 | D        | Reached XP level 2. HP: 7/15 MP: 3/11
    58 | D        | Reached XP level 3. HP: 9/19 MP: 3/12
    62 | D        | Learned a level 2 spell: Throw Flame
    66 | D        | Learned a level 3 spell: Conjure Flame
    70 | D        | Learned a level 3 spell: Inner Flame
    99 | D        | Killed a hellion
   142 | D        | Killed a hellion
   144 | D        | Killed a hellion
   145 | D        | Killed a hellion
   150 | D        | Killed a white draconian scorcher
   151 | D        | Killed a yaktaur
   152 | D        | Killed a white draconian scorcher
   162 | D        | Killed a hellion
   246 | D        | Killed a hellion
   264 | D        | Gained mutation: Your muscles are strong. (Str +2) [potion of mutation]
   264 | D        | Gained mutation: Your spells are a little harder to cast, but a little more powerful. [potion of mutation]
   301 | D        | Reached skill level 7 in Spellcasting
   301 | D        | Reached skill level 5 in Fire Magic
   365 | D        | Noticed a water elemental
   367 | D        | Killed a water elemental
   367 | D        | Reached skill level 9 in Spellcasting
   367 | D        | Reached skill level 5 in Conjurations
   367 | D        | Reached XP level 4. HP: 24/24 MP: 10/17
   374 | D        | Learned a level 4 spell: Sticky Flame
   413 | D        | Found a radiant altar of Vehumet.
   414 | D        | Found a deep blue altar of Sif Muna.
   414 | D        | Found an ancient bone altar of Kikubaaqudgha.
   414 | D        | Noticed a wizard
   415 | D        | Killed a wizard
   418 | D        | Reached skill level 10 in Spellcasting
   418 | D        | Reached XP level 5. HP: 27/28 MP: 7/19
   430 | D        | Became a worshipper of Vehumet
   437 | D        | Learned a level 5 spell: Fireball
   441 | D        | Learned a level 3 spell: Mephitic Cloud
   491 | D        | Found a glowing silver altar of Zin.
   492 | D        | Found a glowing golden altar of the Shining One.
   492 | D        | Found a white marble altar of Elyvilon.
   492 | D        | Noticed a deep elf mage
   498 | D        | Killed a deep elf mage
   498 | D        | Reached skill level 11 in Spellcasting
   498 | D        | Reached XP level 6. HP: 36/36 MP: 11/22
   498 | D        | Reached XP level 7. HP: 40/40 MP: 12/24
   559 | D        | Found an ornate altar of the Wu Jian Council.
   559 | D        | Found a roughly hewn altar of Beogh.
   559 | D        | Found an iron altar of Okawaru.
   559 | D        | Found a bloodstained altar of Trog.
   559 | D        | Found a hide-covered altar of Uskayaw.
   559 | D        | Noticed a human
   559 | D        | Noticed a human
   568 | D        | Killed a human
   568 | D        | Killed a human
   568 | D        | Reached skill level 5 in Dodging
   568 | D        | Reached skill level 12 in Spellcasting
   568 | D        | Reached * piety under Vehumet
   568 | D        | Offered knowledge of Shock by Vehumet.
   642 | D        | Found a basalt altar of Yredelemnul.
   642 | D        | Found a shadowy altar of Dithmenos.
   642 | D        | Found a sacrificial altar of Ru.
   723 | D        | Noticed a shadow
   725 | D        | Offered knowledge of Searing Ray by Vehumet.
   725 | D        | Reached ** piety under Vehumet
   725 | D        | Killed a shadow
   725 | D        | Reached XP level 8. HP: 46/46 MP: 20/26
   740 | D        | Learned a level 2 spell: Searing Ray
   757 | D        | Found a blossoming altar of Fedhas.
   757 | D        | Found a stormy altar of Qazlal.
   757 | D        | Found a snail-covered altar of Cheibriados.
   757 | D        | Found a burning altar of Makhleb.
   757 | D        | Found a shimmering altar of Xom.
   758 | D        | Found a hazy altar of Hepliaklqana.
   758 | D        | Found an opulent altar of Gozag.
   758 | D        | Found a sparkling altar of Nemelex Xobeh.
   758 | D        | Found a corrupted altar of Lugonu.
   758 | D        | Found a viscous altar of Jiyva.
   855 | D        | Noticed Josephine
   865 | D        | Killed Josephine
   865 | D        | Offered knowledge of Ignite Poison by Vehumet.
   865 | D        | Reached skill level 5 in Short Blades
   865 | D        | Reached skill level 13 in Spellcasting
   865 | D        | Reached skill level 5 in Air Magic
   865 | D        | Reached skill level 5 in Poison Magic
   979 | D        | Learned a level 3 spell: Ignite Poison
  1037 | D        | Reached *** piety under Vehumet
  1037 | D        | Reached XP level 9. HP: 52/52 MP: 17/28
  1085 | D        | Killed a yaktaur
  1125 | D        | Noticed a centaur warrior
  1130 | D        | HP: 1/52 [centaur warrior/arrow (22)]
  1131 | D        | Offered knowledge of Static Discharge by Vehumet.
  1133 | D        | Shot with an arrow by a centaur warrior

Vault maps used:
D:        dungeon_sprint_mu

Skill      XL: |  1  2  3  4  5  6  7  8  9 |
---------------+----------------------------+-----
Spellcasting   | 6 9 10 11 12 13 | 13.9
Conjurations   | 3 5 6 7 8 |  8.5
Fire Magic     | 4 6 7 8 9 |  9.1
Fighting       | 2 3 4 |  4.6
Short Blades   | 3 4 5 |  5.5
Armour         | 2 3 4 |  4.5
Dodging        | 4 6 7 |  7.3
Air Magic      | 3 4 5 |  5.5
Poison Magic   | 3 4 5 6 |  6.1
Stealth        | |  2.4

Action                   |  1- 3 |  4- 6 |  7- 9 || total
-------------------------+-------+-------+-------++-------
Melee: Dagger            |       |     1 |       ||     1
 Cast: Flame Tongue      |    15 |     3 |    27 ||    45
       Throw Flame       |     4 |       |       ||     4
       Conjure Flame     |     1 |       |     3 ||     4
       Sticky Flame      |       |     3 |     2 ||     5
       Mephitic Cloud    |       |     1 |     5 ||     6
       Inner Flame       |       |       |     5 ||     5
       Searing Ray       |       |       |     4 ||     4
       Fireball          |       |       |     2 ||     2
       Ignite Poison     |       |       |     1 ||     1
  Use: Potion            |     1 |       |     1 ||     2
       Scroll            |       |     2 |       ||     2
  Eat: Chunk             |       |       |     1 ||     1
Dodge: Dodged            |       |     2 |     4 ||     6

Table legend:
 A = Spawn XP
 B = Non-spawn XP
 C = Spawn XP percentage of total XP
 D = Spawn monster count
 E = Non-spawn monster count
 F = Spawn count percentage of total count
 G = Total turns spent on level
                    A         B        C        D         E        F      G
               +---------+---------+-------+---------+---------+-------+---------
         Total |       0 |    3096 |   0.0 |       0 |      20 |   0.0 |  1133
               +---------+---------+-------+---------+---------+-------+---------
             D |       0 |    3096 |   0.0 |       0 |      20 |   0.0 |  1133
               +---------+---------+-------+---------+---------+-------+---------
